 Dungeon Crawl Stone Soup version 0.27-a0-1232-gc6a4cbde82 (webtiles) character file.

Game seed: 9993656565607006591

134 pokeman the Magician (level 4, -1/25 HPs)
             Began as a Deep Elf Hedge Wizard on June 8, 2021.
             Slain by a worm (7 damage)
             ... on level 3 of the Dungeon.
             The game lasted 00:05:06 (3110 turns).

pokeman the Magician (Deep Elf Hedge Wizard)        Turns: 3110, Time: 00:05:07

Health: -1/25      AC:  4    Str:  7    XL:     4   Next: 95%
Magic:  5/23       EV: 12    Int: 20    God:
Gold:   149        SH:  0    Dex: 14    Spells: 4/15 levels left

rFire    . . .     SeeInvis .   a - +0 dagger
rCold    . . .     Faith    .   (no shield)
rNeg     . . .     Spirit   .   n - +0 leather armour
rPois    .         Reflect  .   c - +0 hat
rElec    .         Harm     .   (no cloak)
rCorr    .         Rampage  .   (no gloves)
Will     .....                  b - +0 pair of boots
Stlth    ++........             (no amulet)
HPRegen  0.08/turn              j - ring of magical power
MPRegen  0.18/turn              (no ring)

@: no status effects
A: no striking features
a: no special abilities


You were on level 3 of the Dungeon.
You visited 1 branch of the dungeon, and saw 3 of its levels.

You collected 149 gold pieces.

Inventory:

Hand Weapons
 a - a +0 dagger (weapon)
Missiles
 d - 21 arrows
Armour
 b - a +0 pair of boots (worn)
 c - a +0 hat (worn)
 n - a +0 leather armour (worn)
Jewellery
 j - a ring of magical power (left hand)
 k - a ring of flight
Wands
 o - a wand of charming (11)
Scrolls
 f - a scroll of fear {unknown}
 h - 4 scrolls of identify {unknown}
 i - a scroll of enchant weapon {unknown}
 l - a scroll of enchant armour {unknown}
Potions
 e - 2 potions of curing
 g - a potion of heal wounds {unknown}
 m - a potion of haste {unknown}


   Skills:
 - Level 1.1 Fighting
 - Level 1.1 Armour
 + Level 2.8 Dodging
 - Level 2.4 Stealth
 * Level 6.0 Spellcasting
 + Level 2.4 Conjurations
 - Level 1.1 Summonings
 - Level 1.1 Translocations
 - Level 1.0 Fire Magic
 + Level 0.2 Air Magic


You had 4 spell levels left.
You knew the following spells:

 Your Spells              Type           Power      Damage    Failure   Level
a - Magic Dart            Conj           60%        1d6       5%          1
b - Mephitic Cloud        Conj/Pois/Air  9%         N/A       32%         3
c - Call Imp              Summ           10%        N/A       14%         2
d - Blink                 Tloc           N/A        N/A       14%         2
e - Conjure Flame         Conj/Fire      12%        6-21      22%         3

Your spell library contained the following spells:

 Spells                   Type           Power      Damage    Failure   Level
 Slow                     Hex            6%         N/A       22%         2


Dungeon Overview and Level Annotations

Branches:
Dungeon (3/15)

Altars:

Shops:
D:1 *


Message History

Aiming: Magic Dart (safe; 5% risk of failure)
Press: ? - help, Shift-Dir - straight line, f/p - worm
Aim: a worm (heavily wounded, 100% to hit)
The magic dart hits the worm but does no damage.
The worm is heavily wounded.
The worm bites you!
Your magical contamination has completely faded away.
Casting: Magic Dart (safe; 5% risk of failure)
Confirm with . or Enter, or press ? or * to list all spells.
Aiming: Magic Dart (safe; 5% risk of failure)
Press: ? - help, Shift-Dir - straight line, f/p - worm
Aim: a worm (heavily wounded, 100% to hit)
The magic dart hits the worm.
The worm is heavily wounded.
The worm bites you!
* * * LOW HITPOINT WARNING * * *
Casting: Magic Dart (safe; 5% risk of failure)
Confirm with . or Enter, or press ? or * to list all spells.
Aiming: Magic Dart (safe; 5% risk of failure)
Press: ? - help, Shift-Dir - straight line, f/p - worm
Aim: a worm (heavily wounded, 100% to hit)
The magic dart hits the worm but does no damage.
The worm is heavily wounded.
You see here a jackal corpse.
Casting: Magic Dart (safe; 5% risk of failure)
Confirm with . or Enter, or press ? or * to list all spells.
Aiming: Magic Dart (safe; 5% risk of failure)
Press: ? - help, Shift-Dir - straight line, f/p - worm
Aim: a worm (moderately wounded, 100% to hit)
The magic dart hits the worm.
The worm is moderately wounded.
Casting: Magic Dart (safe; 5% risk of failure)
Confirm with . or Enter, or press ? or * to list all spells.
Aiming: Magic Dart (safe; 5% risk of failure)
Press: ? - help, Shift-Dir - straight line, f/p - worm
Aim: a worm (moderately wounded, 100% to hit)
The magic dart hits the worm.
The worm is heavily wounded.
The worm bites you!
You die...

#.# ## ##.##.##
..#... # ##†##.#
#.#<†.#.#
#...†...#
#.......#
##.....w######..
##.....@.......
##.###.#####.#
### #.# #.# #.#
#.# #.# #.#


You could see a worm.

Vanquished Creatures
  An iguana (D:2)
  An adder (D:2)
  4 gnolls (D:2)
  A dart slug (D:2)
  7 bats
  7 endoplasms
  2 hobgoblins
  12 jackals
  5 quokkas
  5 ball pythons
  5 frilled lizards
  4 goblins
  4 kobolds
  6 rats
64 creatures vanquished.

Notes
Turn   | Place    | Note
-------+----------+-------------------------------------------
     0 | D:1      | pokeman the Deep Elf Hedge Wizard began the quest for the
                  | Orb.
     0 | D:1      | Reached XP level 1. HP: 10/10 MP: 7/7
   345 | D:1      | Reached XP level 2. HP: 15/15 MP: 5/9
   601 | D:1      | Found Jebbuf's Assorted Antiques.
  1149 | D:1      | Found a faded altar of an unknown god.
  1273 | D:1      | Reached skill level 5 in Spellcasting
  1403 | D:2      | Reached XP level 3. HP: 12/20 MP: 11/11
  1407 | D:2      | Learned a level 3 spell: Mephitic Cloud
  1410 | D:2      | Learned a level 2 spell: Call Imp
  1413 | D:2      | Learned a level 2 spell: Blink
  1417 | D:2      | Learned a level 3 spell: Conjure Flame
  1746 | D:2      | Reached skill level 1 in Fighting
  1746 | D:2      | Reached skill level 1 in Armour
  1961 | D:2      | Reached XP level 4. HP: 25/25 MP: 13/13
  2744 | D:2      | Reached skill level 1 in Fire Magic
  3094 | D:3      | Reached skill level 6 in Spellcasting
  3110 | D:3      | Slain by a worm

Illustrated notes

Levels and vault maps discovered:
D:1:      scummos_arrival_hexagon, layout_basic,
          hellmonk_ecumenical_altar_heavens_door, serial_shops, shop,
          serial_bayou_ford_a, minmay_misc_feat_chi, minmay_indecisive_spiral
D:2:      layout_basic
D:3:      layout_loops_ring, minmay_cupped

Skill      XL: |  1  2  3  4 |
---------------+-------------+-----
Spellcasting   | 5 6 |  6.0
Fighting       | 1 |  1.1
Armour         | 1 |  1.1
Conjurations   | 2 |  2.4
Fire Magic     | 1 |  1.0
Dodging        | |  2.8
Stealth        | |  2.4
Summonings     | |  1.1
Translocations | |  1.1
Air Magic      | |  0.2

Action                   |  1- 3 |  4- 6 || total
-------------------------+-------+-------++-------
Melee: Dagger            |    15 |     4 ||    19
 Cast: Magic Dart        |   104 |    79 ||   183
       Call Imp          |     3 |     1 ||     4
       Blink             |     1 |       ||     1
       Mephitic Cloud    |       |     1 ||     1
Armor: Robe              |    12 |       ||    12
       Leather armour    |       |    14 ||    14
Dodge: Dodged            |    32 |    19 ||    51

Table legend: (Time is in decaauts)
 A = Elapsed time spent in this place.
 B = Non-inter-level travel time spent in this place.
 C = Inter-level travel time spent in this place.
 D = Time resting spent in this place.
 E = Time spent auto-exploring this place.
 F = Levels seen in this place.
 G = Mean time per level.
                   A        B        C        D        E       F      G
               +--------+--------+--------+--------+--------+-----+--------+
         Total |   3113 |   3074 |     39 |      0 |   2686 |   3 | 1037.7 |
       Dungeon |   3113 |   3074 |     39 |      0 |   2686 |   3 | 1037.7 |
               +--------+--------+--------+--------+--------+-----+--------+

Top non-repeatable levels by time:
     D:2: 1691 daAuts
     D:1: 1395 daAuts
     D:3: 25 daAuts
